TOP OF THE 1ST |
Iowa State Cyclones batting - Pitching for Michigan State Spartans : RHP Jesús Fabián
|
Pitching: RHP Jesús Fabián
|
|
Batting: RHB Pedro Rivera
|
0-0: Called Strike 0-1: Ground out 1-3 (Groundball, 15)
|
Batting: RHB Paco Camacho
|
0-0: Swinging Strike 0-1: Foul Ball, location: 2F 0-2: Foul Ball, location: 2F 0-2: Ball 1-2: DOUBLE (Line Drive, 9LM)
|
Batting: RHB Shane Marshall
|
0-0: Foul Ball, location: 2F 0-1: Ball 1-1: Ball 2-1: Ball 3-1: Foul Ball, location: 2F 3-2: Base on Balls
|
Batting: LHB Ángel Pérez
|
0-0: SINGLE (Line Drive, 6M) Paco Camacho to third Shane Marshall to second Runner from 3rd tries for Home, throw and OUT!
|
Batting: RHB Jim Hall
|
0-0: Foul Ball, location: 2F 0-1: SINGLE (Groundball, 4MD) Shane Marshall to third Ángel Pérez to second Runner from 3rd tries for Home, SAFE, no throw
|
Batting: LHB Dale González
|
0-0: Ball 1-0: Called Strike 1-1: Swinging Strike 1-2: Ball 2-2: SINGLE (Groundball, 6MD) Ángel Pérez to third Jim Hall to second Runner from 3rd tries for Home, SAFE, no throw
|
Batting: RHB Carlos Santana
|
0-0: DOUBLE (Line Drive, 7LS) Jim Hall scores Dale González to third Runner from 3rd tries for Home, SAFE, no throw
|
Batting: RHB Russell Cook
|
0-0: Ball 1-0: Swinging Strike 1-1: Ball 2-1: Foul Ball, location: 2F 2-2: Ground out 1-3 (Groundball, 15S)
|
Top of the 1st over - 4 run(s), 5 hit(s), 0 error(s), 1 left on base; Iowa State 4 - Michigan State 0 |
BOTTOM OF THE 1ST |
Michigan State Spartans batting - Pitching for Iowa State Cyclones : LHP Raúl Rivas
|
Pitching: LHP Raúl Rivas
|
|
Batting: LHB Mike Johnston
|
0-0: Called Strike 0-1: Ball 1-1: Ball 2-1: SINGLE (Groundball, 4D)
|
Batting: RHB Chris Marshall
|
0-0: Fielders Choice at 2nd, 4-6 (Groundball, 4)
|
Batting: LHB Cliff Mills
|
0-0: Ball 1-0: Called Strike 1-1: Fly out, F9 (Flyball, 89M)
|
Batting: LHB Gabriel Estrada
|
0-0: Called Strike 0-1: Ball 1-1: Called Strike 1-2: Foul Ball, location: 2F 1-2: Ball 2-2: Ball 3-2: Foul Ball, location: 2F 3-2: 2-RUN HOME RUN (Flyball, 89XD), Distance : 367 ft
|
Batting: LHB Aaron Aguirre
|
0-0: Foul Ball, location: 2F 0-1: Ball 1-1: Foul Ball, location: 2F 1-2: Ball 2-2: Ball 3-2: Fly out, F7 (Flyball, 7S)
|
Bottom of the 1st over - 2 run(s), 2 hit(s), 0 error(s), 0 left on base; Iowa State 4 - Michigan State 2 |
TOP OF THE 2ND |
Iowa State Cyclones batting - Pitching for Michigan State Spartans : RHP Jesús Fabián
|
Batting: LHB Geoffrey Poole
|
0-0: Ball 1-0: Ground out 5-3 (Groundball, 56)
|
Batting: RHB Pedro Rivera
|
0-0: Foul Ball, location: 2F 0-1: Ball 1-1: Called Strike 1-2: Strikes out swinging, 2-3 out at first.
|
Batting: RHB Paco Camacho
|
0-0: SINGLE (Flyball, 9S)
|
Batting: RHB Shane Marshall
|
0-0: Foul Ball, location: 2F 0-1: Ball 1-1: Ball 2-1: Swinging Strike 2-2: Foul Ball, location: 2F 2-2: Strikes out swinging
|
Top of the 2nd over - 0 run(s), 1 hit(s), 0 error(s), 1 left on base; Iowa State 4 - Michigan State 2 |
BOTTOM OF THE 2ND |
Michigan State Spartans batting - Pitching for Iowa State Cyclones : LHP Raúl Rivas
|
Batting: RHB Ryan Fullerton
|
0-0: Swinging Strike 0-1: Reached via error on a dropped throw, E3
|
Batting: LHB Chris Gibson
|
0-0: Ball 1-0: Ball 2-0: Called Strike 2-1: Fly out, F7 (Flyball, 7)
|
Batting: LHB Carlos Anaya
|
0-0: Grounds into double play, 4-6-3 (Groundball, 34)
|
Bottom of the 2nd over - 0 run(s), 0 hit(s), 1 error(s), 0 left on base; Iowa State 4 - Michigan State 2 |
TOP OF THE 3RD |
Iowa State Cyclones batting - Pitching for Michigan State Spartans : RHP Jesús Fabián
|
Batting: LHB Ángel Pérez
|
0-0: Ball 1-0: Called Strike 1-1: Swinging Strike 1-2: Ball 2-2: Fly out, F8 (Flyball, 8RD)
|
Batting: RHB Jim Hall
|
0-0: Fly out, F9 (Flyball, 9LS)
|
Batting: LHB Dale González
|
0-0: Ball 1-0: Ground out 4-3 (Groundball, 4)
|
Top of the 3rd over - 0 run(s), 0 hit(s), 0 error(s), 0 left on base; Iowa State 4 - Michigan State 2 |
BOTTOM OF THE 3RD |
Michigan State Spartans batting - Pitching for Iowa State Cyclones : LHP Raúl Rivas
|
Batting: RHB Bob Watson
|
0-0: Ball 1-0: SOLO HOME RUN (Flyball, 89XD), Distance : 378 ft
|
Batting: LHB Mike Johnston
|
0-0: Swinging Strike 0-1: Called Strike 0-2: Foul Ball, location: 2F 0-2: Strikes out swinging
|
Batting: RHB Chris Marshall
|
0-0: Called Strike 0-1: Foul Ball, location: 2F 0-2: Strikes out swinging
|
Batting: LHB Cliff Mills
|
0-0: Called Strike 0-1: Ball 1-1: Ball 2-1: Foul Ball, location: 2F 2-2: Foul Ball, location: 2F 2-2: Ball 3-2: Strikes out looking
|
Bottom of the 3rd over - 1 run(s), 1 hit(s), 0 error(s), 0 left on base; Iowa State 4 - Michigan State 3 |
TOP OF THE 4TH |
Iowa State Cyclones batting - Pitching for Michigan State Spartans : RHP Jesús Fabián
|
Batting: RHB Carlos Santana
|
0-0: Ball 1-0: Ball 2-0: Ball 3-0: Called Strike 3-1: Called Strike 3-2: Strikes out swinging, 2-3 out at first.
|
Batting: RHB Russell Cook
|
0-0: Reached on error, E5 (Groundball, 5D)
|
Batting: LHB Geoffrey Poole
|
0-0: Foul Ball, location: 2F 0-1: Ball 1-1: Ball 2-1: Ball 3-1: Base on Balls Russell Cook to second
|
Batting: RHB Pedro Rivera
|
0-0: Called Strike 0-1: Ball 1-1: Foul Ball, location: 2F 1-2: Fly out, F8 (Flyball, 8LM)
|
Batting: RHB Paco Camacho
|
0-0: Fielders Choice at 2nd, 4-6 (Groundball, 4)
|
Top of the 4th over - 0 run(s), 0 hit(s), 1 error(s), 1 left on base; Iowa State 4 - Michigan State 3 |
BOTTOM OF THE 4TH |
Michigan State Spartans batting - Pitching for Iowa State Cyclones : LHP Raúl Rivas
|
Batting: LHB Gabriel Estrada
|
0-0: Ball 1-0: Ball 2-0: Called Strike 2-1: Fly out, F8 (Flyball, 8LS)
|
Batting: LHB Aaron Aguirre
|
0-0: Called Strike 0-1: Ball 1-1: Foul Ball, location: 2F 1-2: Ball 2-2: Ball 3-2: Foul Ball, location: 2F 3-2: Foul Ball, location: 2F 3-2: Base on Balls
|
Batting: RHB Ryan Fullerton
|
0-0: Foul Ball, location: 2F 0-1: Called Strike 0-2: Strikes out swinging
|
Batting: LHB Chris Gibson
|
0-0: SINGLE (Groundball, 56D) Aaron Aguirre to second
|
Batting: LHB Carlos Anaya
|
0-0: Called Strike 0-1: Ball 1-1: Ball 2-1: Swinging Strike 2-2: Ground out 4-3 (Groundball, 4M)
|
Bottom of the 4th over - 0 run(s), 1 hit(s), 0 error(s), 2 left on base; Iowa State 4 - Michigan State 3 |
TOP OF THE 5TH |
Iowa State Cyclones batting - Pitching for Michigan State Spartans : RHP Jesús Fabián
|
Batting: RHB Shane Marshall
|
0-0: Called Strike 0-1: Fly out, F2 (Popup, 5S)
|
Batting: LHB Ángel Pérez
|
0-0: Ball 1-0: Called Strike 1-1: Foul Ball, location: 2F 1-2: Strikes out swinging
|
Batting: RHB Jim Hall
|
0-0: Ball 1-0: Ball 2-0: Ball 3-0: Ground out 4-3 (Groundball, 34)
|
Top of the 5th over - 0 run(s), 0 hit(s), 0 error(s), 0 left on base; Iowa State 4 - Michigan State 3 |
BOTTOM OF THE 5TH |
Michigan State Spartans batting - Pitching for Iowa State Cyclones : LHP Raúl Rivas
|
Batting: RHB Bob Watson
|
0-0: Foul Ball, location: 2F 0-1: DOUBLE (Line Drive, 7D)
|
Batting: LHB Mike Johnston
|
0-0: Ball 1-0: Ball 2-0: Swinging Strike 2-1: Reached on error, E4 (Groundball, 4M) Bob Watson scores
|
Batting: RHB Chris Marshall
|
0-0: Called Strike 0-1: Swinging Strike 0-2: Foul Ball, location: 2F 0-2: Ball 1-2: Ball 2-2: Ball 3-2: Base on Balls
|
Batting: LHB Cliff Mills
|
0-0: Foul Ball, location: 2F 0-1: Swinging Strike 0-2: Ball 1-2: Foul Ball, location: 2F 1-2: Ball 2-2: Foul Ball, location: 2F 2-2: Strikes out looking
|
Pitching: LHP Bob Wallace
|
|
Batting: LHB Gabriel Estrada
|
0-0: Fly out, F8 (Flyball, 8RM)
|
Batting: LHB Aaron Aguirre
|
0-0: Called Strike 0-1: Ball 1-1: Ball 2-1: Called Strike 2-2: Foul Ball, location: 2F 2-2: Ball 3-2: Ground out 1-3 (Groundball, P)
|
Bottom of the 5th over - 1 run(s), 1 hit(s), 1 error(s), 2 left on base; Iowa State 4 - Michigan State 4 |
TOP OF THE 6TH |
Iowa State Cyclones batting - Pitching for Michigan State Spartans : RHP Jesús Fabián
|
Batting: LHB Dale González
|
0-0: Ball 1-0: Called Strike 1-1: Ball 2-1: Foul Ball, location: 2F 2-2: Ball 3-2: Strikes out looking
|
Pitching: LHP Aaron Cole
|
|
Batting: RHB Carlos Santana
|
0-0: Swinging Strike 0-1: Ball 1-1: Ball 2-1: Foul Ball, location: 2F 2-2: Strikes out swinging
|
Batting: RHB Russell Cook
|
0-0: Ground out 6-3 (Groundball, 6S)
|
Top of the 6th over - 0 run(s), 0 hit(s), 0 error(s), 0 left on base; Iowa State 4 - Michigan State 4 |
BOTTOM OF THE 6TH |
Michigan State Spartans batting - Pitching for Iowa State Cyclones : LHP Bob Wallace
|
Batting: RHB Ryan Fullerton
|
0-0: Called Strike 0-1: Foul Ball, location: 2F 0-2: Ball 1-2: Foul Ball, location: 2F 1-2: Foul Ball, location: 2F 1-2: Strikes out swinging
|
Batting: LHB Chris Gibson
|
0-0: SINGLE (Groundball, 56D)
|
Batting: LHB Carlos Anaya
|
0-0: Called Strike 0-1: Ball 1-1: Ground out 4-3 (Groundball, 34D) Chris Gibson to second
|
Batting: RHB Bob Watson
|
0-0: Ball 1-0: Ball 2-0: SINGLE (Flyball, 78S) Chris Gibson to third Runner from 3rd tries for Home, SAFE, no throw
|
Batting: LHB Mike Johnston
|
0-0: Foul Ball, location: 2F 0-1: Foul Ball, location: 2F 0-2: Ball 1-2: Fly out, F7 (Flyball, 7LSF)
|
Bottom of the 6th over - 1 run(s), 2 hit(s), 0 error(s), 1 left on base; Iowa State 4 - Michigan State 5 |
TOP OF THE 7TH |
Iowa State Cyclones batting - Pitching for Michigan State Spartans : LHP Aaron Cole
|
Batting: LHB Geoffrey Poole
|
0-0: Called Strike 0-1: DOUBLE (Line Drive, 9LM)
|
Batting: RHB Pedro Rivera
|
0-0: Called Strike 0-1: Ball 1-1: SINGLE (Flyball, 89S) Geoffrey Poole to third
|
Batting: RHB Paco Camacho
|
0-0: Called Strike 0-1: Fielders Choice at 2nd, 1-4 (Groundball, 15S)
|
Batting: RHB Shane Marshall
|
0-0: Ball 1-0: Called Strike 1-1: Fielders Choice at 2nd, 4-6 (Groundball, 34) Geoffrey Poole scores
|
Batting: LHB Ángel Pérez
|
0-0: Ball 1-0: Foul Ball, location: 2F 1-1: Ball 2-1: Foul Ball, location: 2F 2-2: Foul Ball, location: 2F 2-2: Ball 3-2: Reached on error, E5 (Groundball, 56) Shane Marshall to third
|
Pinch Hitting: LHB Mike O'Bryan
|
0-0: Ball 1-0: Ball 2-0: Hit by Pitch
|
Batting: LHB Dale González
|
0-0: Foul Ball, location: 2F 0-1: Ball 1-1: Called Strike 1-2: Ball 2-2: Fly out, F7 (Flyball, 7S)
|
Top of the 7th over - 1 run(s), 2 hit(s), 1 error(s), 3 left on base; Iowa State 5 - Michigan State 5 |
BOTTOM OF THE 7TH |
Michigan State Spartans batting - Pitching for Iowa State Cyclones : LHP Bob Wallace
|
Now in RF: Mike O'Bryan
|
|
Batting: RHB Chris Marshall
|
0-0: Called Strike 0-1: Fly out, F4 (Line Drive, 4)
|
Batting: LHB Cliff Mills
|
0-0: Swinging Strike 0-1: Ball 1-1: Swinging Strike 1-2: Ball 2-2: Strikes out looking
|
Batting: LHB Gabriel Estrada
|
0-0: Called Strike 0-1: Ground out 4-3 (Groundball, 4)
|
Bottom of the 7th over - 0 run(s), 0 hit(s), 0 error(s), 0 left on base; Iowa State 5 - Michigan State 5 |
TOP OF THE 8TH |
Iowa State Cyclones batting - Pitching for Michigan State Spartans : LHP Aaron Cole
|
Batting: RHB Carlos Santana
|
0-0: Ball 1-0: Called Strike 1-1: Swinging Strike 1-2: Strikes out swinging, 2-3 out at first.
|
Batting: RHB Russell Cook
|
0-0: Called Strike 0-1: Foul Ball, location: 2F 0-2: Ball 1-2: Ball 2-2: Foul Ball, location: 2F 2-2: Ball 3-2: Ground out 6-3 (Groundball, 6)
|
Pitching: RHP David Deive
|
|
Batting: LHB Geoffrey Poole
|
0-0: Foul Ball, location: 2F 0-1: Swinging Strike 0-2: Foul Ball, location: 2F 0-2: Ball 1-2: SINGLE (Groundball, 4D)
|
Batting: RHB Pedro Rivera
|
0-0: Ball 1-0: Ball 2-0: Fly out, F8 (Flyball, 8RM)
|
Top of the 8th over - 0 run(s), 1 hit(s), 0 error(s), 1 left on base; Iowa State 5 - Michigan State 5 |
BOTTOM OF THE 8TH |
Michigan State Spartans batting - Pitching for Iowa State Cyclones : LHP Bob Wallace
|
Batting: LHB Aaron Aguirre
|
0-0: Swinging Strike 0-1: Ball 1-1: Called Strike 1-2: Strikes out looking
|
Batting: RHB Ryan Fullerton
|
0-0: Ball 1-0: Called Strike 1-1: Ball 2-1: Ball 3-1: Base on Balls
|
Batting: LHB Chris Gibson
|
0-0: Ball 1-0: Ball 2-0: Called Strike 2-1: Ball 3-1: Swinging Strike 3-2: Base on Balls Ryan Fullerton to second
|
Pinch Hitting: RHB Jesús Lima
|
0-0: Called Strike 0-1: SINGLE (Flyball, 9LS) Ryan Fullerton to third Chris Gibson to second Runner from 3rd tries for Home, throw and OUT!
|
Batting: RHB Bob Watson
|
0-0: Ball 1-0: Swinging Strike 1-1: Fielders Choice at 2nd, 6-4 (Groundball, 6)
|
Bottom of the 8th over - 0 run(s), 1 hit(s), 0 error(s), 1 left on base; Iowa State 5 - Michigan State 5 |
TOP OF THE 9TH |
Iowa State Cyclones batting - Pitching for Michigan State Spartans : RHP David Deive
|
Pitching: RHP William Stevens
|
|
Now at 1B: Norberto Garza
|
|
Pinch Hitting: SHB Ralph Marshall
|
0-0: Ball 1-0: Foul Ball, location: 2F 1-1: Ball 2-1: Ball 3-1: Base on Balls
|
Batting: RHB Shane Marshall
|
0-0: Ball 1-0: Swinging Strike 1-1: Ball 2-1: Swinging Strike 2-2: Foul Ball, location: 2F 2-2: Strikes out looking
|
Batting: LHB Ángel Pérez
|
0-0: Called Strike 0-1: Called Strike 0-2: Ball 1-2: Ball 2-2: Strikes out swinging
|
Batting: LHB Mike O'Bryan
|
0-0: Ball 1-0: Ball 2-0: Foul Ball, location: 2F 2-1: Fly out, F9 (Flyball, 9)
|
Top of the 9th over - 0 run(s), 0 hit(s), 0 error(s), 1 left on base; Iowa State 5 - Michigan State 5 |
BOTTOM OF THE 9TH |
Michigan State Spartans batting - Pitching for Iowa State Cyclones : LHP Bob Wallace
|
Pitching: RHP Richard Lee
|
|
Now at SS: Ralph Marshall
|
|
Pinch Hitting: LHB Larry Estes
|
0-0: Foul Ball, location: 2F 0-1: Called Strike 0-2: Ball 1-2: Ball 2-2: Ball 3-2: Base on Balls
|
Batting: RHB Chris Marshall
|
0-0: Ball 1-0: Bunted foul 1-1: Ball Larry Estes steals 2nd base 2-1: Ball 3-1: Bunted foul 3-2: Strikes out swinging, 2-3 out at first.
|
Batting: LHB Cliff Mills
|
0-0: Intentional Walk
|
Batting: LHB Gabriel Estrada
|
0-0: Ball 1-0: Ball 2-0: Ball 3-0: Called Strike 3-1: Foul Ball, location: 2F 3-2: Strikes out swinging
|
Batting: LHB Aaron Aguirre
|
0-0: Ball 1-0: Ball 2-0: Ball 3-0: Base on Balls Larry Estes to third Cliff Mills to second
|
Batting: RHB Ryan Fullerton
|
0-0: Ball 1-0: Ball 2-0: SINGLE (Line Drive, 6MD) Larry Estes scores
|
Tuesday, August 8th, 2017 - OOTP Baseball 17.12 Build 75
|
|